 Dungeon Crawl Stone Soup version 0.30.0-21-gd299b56b3f (webtiles) character file.

Game seed: 10856110410140927878

4 qw the Shield-Bearer (level 1, 0/14 HPs)
             Began as a Gargoyle Fighter on June 2, 2023.
             Slain by an endoplasm (3 damage)
             ... on level 1 of the Dungeon.
             The game lasted 00:00:04 (74 turns).

qw the Shield-Bearer (Gargoyle Fighter)               Turns: 74, Time: 00:00:05

Health: 0/14       AC:  9    Str: 19    XL:     1   Next: 70%
Magic:  1/1        EV:  9    Int:  8    God:
Gold:   0          SH:  4    Dex:  9    Spells: 0/0 levels left

rFire   . . .        a - +0 war axe
rCold   . . .        c - +0 buckler
rNeg    + . .        b - +0 scale mail
rPois   inf          (no helmet)
rElec   +            (no cloak)
rCorr   .            (no gloves)
SInv    .            (no boots)
Will    .....        (no amulet) Stlth
                     (no ring)
HPRegen 0.22/turn    (no ring)
MPRegen 0.07/turn

%: no passive effects
@: no status effects
A: sickness immunity, AC +2, negative energy resistance 1, electricity
resistance, torment resistance 1, petrification resistance
a: no special abilities


You were on level 1 of the Dungeon.
You visited 1 branch of the dungeon, and saw 1 of its levels.


Innate Abilities, Weirdness & Mutations

You are immune to sickness and miasma.
Your stone body is resilient. (AC +2)
You are immune to poison.
You resist negative energy. (rN+)
You are resistant to electric shocks. (rElec)
You are resistant to unholy torment.
You are immune to petrification.


   Skills:
 - Level 3.2 Fighting
 + Level 2.2 Axes
 - Level 3.2 Armour
 - Level 3.2 Shields


You couldn't memorise any spells.
You didn't know any spells.
Your spell library was empty.

Inventory:

Hand Weapons
 a - a +0 war axe (weapon)
Armour
 b - a +0 scale mail (worn)
 c - a +0 buckler (worn)
Potions
 d - a potion of might

Dungeon Overview and Level Annotations

Branches:
Dungeon (1/15)

Altars:


Message History

Found a scroll labelled SODUABRAEHA.
53 ||| Stepping ~*~*~tactically~*~*~ (hiding).
You start waiting.
A dart slug is nearby!
You hit the dart slug.
The dart slug is moderately wounded.
The dart slug launches a dart at you.
The slug dart hits you but does no damage.
You completely miss the dart slug.
The dart slug is moderately wounded.
The dart slug bites you but does no damage.
You hit the dart slug.
The dart slug is severely wounded.
The dart slug bites you but does no damage.
You hit the dart slug.
You kill the dart slug!
Found a sling.
An endoplasm and a goblin come into view.
The endoplasm quivers.
The goblin shouts!
An endoplasm comes into view.
An endoplasm comes into view.
The endoplasm quivers.
You hit the endoplasm.
The endoplasm is heavily wounded.
You miss the goblin. The endoplasm freezes you.
You are frozen.
The goblin hits you with a +0 dagger.
You barely miss the endoplasm.
The endoplasm is heavily wounded.
You closely miss the goblin. The endoplasm barely misses you.
The goblin hits you with a +0 dagger. x2
You block the endoplasm's attack.
You barely miss the endoplasm.
The endoplasm is heavily wounded.
You hit the endoplasm. You slash the goblin!
You kill the goblin!
A jackal comes into view.
The endoplasm hits you. x2
You die...

..h.......#
.........)###
............
.......?...
..........####
.....J....... .
......J)..# .###
......J@..######...##.#
...........#.)........#
###..............[....#
#####...............#
####....#..........#
#..................#
#..######...........#
.w. ##.%........# .#
#...########


You could see 3 endoplasms and a jackal (wandering).

Vanquished Creatures
  A dart slug (D:1)
  A goblin (D:1)
  A quokka (D:1)
  A frilled lizard (D:1)
4 creatures vanquished.

Notes
Turn   | Place    | Note
-------+----------+-------------------------------------------
     0 | D:1      | qw the Gargoyle Fighter began the quest for the Orb.
     0 | D:1      | Reached XP level 1. HP: 14/14 MP: 1/1
     0 | D:1      | 0 ||| qw: Version: 0.2-a-102-gdf20003
     0 | D:1      | 0 ||| qw: Game counter: 829
     0 | D:1      | 0 ||| qw: Always use a shield: true
     0 | D:1      | 0 ||| qw: God list: Okawaru
     0 | D:1      | 0 ||| qw: Allow faded altars: false
     0 | D:1      | 0 ||| qw: Do Orc after D:15 true
     0 | D:1      | 0 ||| qw: Do second Lair branch before Depths: true
     0 | D:1      | 0 ||| qw: Lair rune preference: random
     0 | D:1      | 0 ||| qw: Plans: Normal, Zot:1-4, Slime:5, God:TSO, Crypt,
                  | Tomb, Pan, Hells, Abyss, Win
     0 | D:1      | 0 ||| PLANNING D:1-11
    53 | D:1      | 53 ||| Stepping ~*~*~tactically~*~*~ (hiding).
    74 | D:1      | HP: 3/14 [endoplasm (2)]
    74 | D:1      | Slain by an endoplasm

Levels and vault maps discovered:
D:1:      tarquinn_simple_flora_water_f, layout_rooms

Skill      XL: |  1 |
---------------+----+-----
Axes           | 2 |  2.2
Fighting       | |  3.2
Armour         | |  3.2
Shields        | |  3.2

Action                     || total
---------------------------++-------
  Melee: War axe           ||    13
 Armour: Scale mail        ||     4
  Dodge: Dodged            ||     4
  Block: Buckler           ||     2

Table legend:
 A = Non-vault XP
 B = Vault XP
 C = Vault XP percentage of total XP
 D = Non-vault monster count
 E = Vault monster count
 F = Vault count percentage of total count
                 A         B        C        D         E       F
            +---------+---------+-------+---------+---------+-------
      Total |       9 |       0 |   0.0 |       4 |       0 |   0.0
            +---------+---------+-------+---------+---------+-------
        D:1 |       9 |       0 |   0.0 |       4 |       0 |   0.0
            +---------+---------+-------+---------+---------+-------
